 Dungeon Crawl Stone Soup version 0.26-a0-863-g3bff4b215c (webtiles) character file.

Game seed: 5106735847910526175

72 sahdkjhfkaj the Scratcher (level 4, -3/22 HPs)
             Began as a Felid Transmuter on Nov 25, 2020.
             Slain by a gnoll
             ... wielding a +0 flail
              (9 damage)
             ... on level 2 of the Dungeon.
             The game lasted 00:07:52 (4818 turns).

sahdkjhfkaj the Scratcher (Felid Transmuter)        Turns: 4818, Time: 00:07:52

Health: -3/22      AC:  5    Str:  6    XL:     4   Next: 7%
Magic:  6/9        EV: 12    Int: 16    God:
Gold:   118        SH:  5    Dex: 16    Spells: 0/9 levels left
                                        Lives:  0   Deaths: 1

rFire    x . .     SeeInvis +     - Unarmed
rCold    + + +     Faith    .   (shield unavailable)
rNeg     . . .     Spirit   .   (armour unavailable)
rPois    +         Reflect  +   (helmet unavailable)
rElec    .         Harm     .   (cloak unavailable)
rCorr    .         Rampage  .   (gloves unavailable)
MR       .....                  (boots unavailable)
Stlth    ++........             f - amulet of reflection
HPRegen  0.07/turn              (no ring)
MPRegen  0.11/turn              (no ring)

@: ice-form
A: large, no armour, no weapons or thrown items, stealth, see invisible
a: End Transformation


You were on level 2 of the Dungeon.
You were a creature of crystalline ice.
You visited 1 branch of the dungeon, and saw 3 of its levels.

You collected 118 gold pieces.

Inventory:

Jewellery
 f - an amulet of reflection (around neck)
Wands
 k - a wand of random effects (3)
Scrolls
 a - a scroll of enchant armour {!r}
 b - 2 scrolls of magic mapping {!r, unknown}
 d - 2 scrolls of remove curse {!r}
 g - a scroll of identify {!r, unknown}
 j - a scroll of noise {!r, unknown}
 l - a scroll of fog {!r, unknown}
Potions
 c - a potion of might {!q}
 e - a potion of cancellation {!q}
 h - a potion of brilliance {!q, unknown}
 i - a potion of curing {!q, unknown}


   Skills:
 - Level 2.0 Fighting
 - Level 4.0 Dodging
 + Level 0.8 Stealth
 - Level 4.0 Unarmed Combat
 - Level 3.0 Spellcasting
 - Level 2.1 Transmutations
 - Level 1.0 Ice Magic


You couldn't memorise any spells.
You knew the following spells:

 Your Spells              Type           Power        Failure   Level
A - Blade Hands           Tmut           #.........   91%         5
C - Ice Form              Ice/Tmut       #.......     67%         4
X - Beastly Appendage     Tmut           #.....       8%          1

Your spell library contained the following spells:

 Spells                   Type           Power        Failure   Level
 Wereblood                Tmut           #.......     12%         2
 Spider Form              Tmut/Pois      #.........   34%         3


Dungeon Overview and Level Annotations

Branches:
Dungeon (3/15)

Altars:
Trog


Innate Abilities, Weirdness & Mutations

You cannot wear armour.
You are incapable of wielding weapons or throwing items.
Your paws allow you to move quietly. (Stealth)
((You have sharp claws.))
((You have razor-sharp teeth.))
You have supernaturally acute eyesight. (SInv)
((You cover ground quickly.))
((You are covered in fur. (AC +1)))
((Your sharp claws are effective at attacking unaware monsters.))


Message History

The orc barely misses you. You block the gnoll's attack.
There is a stone staircase leading up here.
You barely miss the orc. The orc misses you. The orc barely misses you.
You punch the orc! You freeze the orc.
You kill the orc!
The orc hits you but does no damage. The gnoll hits you with a +0 flail!
* * * LOW HITPOINT WARNING * * *
The gnoll hits you with a +0 club.
* * * LOW HITPOINT WARNING * * *
You block the orc's attack. The gnoll closely misses you.
You climb upwards.
There is a stone staircase leading down here.
Unknown command.
Unknown command.
Unknown command.
You hit the gnoll. You freeze the gnoll.
The gnoll is lightly wounded.
The gnoll hits you but does no damage. The orc closely misses you.
The gnoll hits you with a +0 flail!
You die...

##### #.# #.#..........######
#...# #.# #.#.###.###รท......#
#...# #.# #.#.#.....#.####.##
#...# #.#####.#.#...#.#.# #.#
##...###.....#.#.#...#.#.# #.#
........(..#.#.#)#...#.#.####.#
#######.#..#.#...[.#.#.#.#....#
#######....#.#.#g#.#.#.#.#.####
......####)#...oYg.....#.#.#
......## #.....###.#.#.#.#.#
.......# #####.#...#.###.#.#
.......# #.#.#.#...^.#.#
######.# #.#.#.....#.#.# #.#
#.#....#.####.# #.#
#.####.#.####.# #.# #.#
#.#......# #.# #.# #.#.######


You could see 2 gnolls and an orc.

Vanquished Creatures
  An orc priest (D:2)
  2 adders (D:2)
  2 oozes
  2 worms (D:2)
  2 dart slugs
  2 leopard geckos (D:3)
  8 orcs
  3 giant cockroaches
  7 goblins
  8 hobgoblins
  3 jackals (D:2)
  2 quokkas (D:3)
  2 ball pythons
  5 bats
  4 frilled lizards
  7 kobolds
  7 rats
67 creatures vanquished.

Vanquished Creatures (others)
  A kobold (D:3)
1 creature vanquished.

Grand Total: 68 creatures vanquished

Notes
Turn   | Place    | Note
-------+----------+-------------------------------------------
     0 | D:1      | sahdkjhfkaj the Felid Transmuter began the quest for the
                  | Orb.
     0 | D:1      | Reached XP level 1. HP: 9/9 MP: 4/4
   411 | D:1      | Reached XP level 2. HP: 11/12 MP: 6/6
  1277 | D:2      | Reached XP level 3. HP: 15/15 MP: 7/7
  1758 | D:2      | Found a bloodstained altar of Trog.
  2739 | D:2      | Reached XP level 4. HP: 19/19 MP: 8/8
  2745 | D:2      | Learned a level 4 spell: Ice Form
  3247 | D:3      | Reached skill level 1 in Ice Magic
  4476 | D:3      | Reached XP level 5. HP: 20/22 MP: 8/10
  4484 | D:3      | Learned a level 5 spell: Blade Hands
  4622 | D:3      | Killed by miscasting Ice Form
  4623 | D:3      | Reached XP level 4. HP: -5/19 MP: 1/9
  4818 | D:2      | Slain by a gnoll

Illustrated notes

Levels and vault maps discovered:
D:1:      nicolae_arrival_memento_mori, layout_basic
D:2:      layout_basic, general_overflow_altar
D:3:      layout_rooms, lemuel_round_altar, grunt_ministairs_1

Skill      XL: |  1  2  3  4 |
---------------+-------------+-----
Dodging        | 3 4 |  4.0
Unarmed Combat | 4 |  4.0
Fighting       | 2 |  2.0
Ice Magic      | 1 |  1.0
Spellcasting   | 3 |  3.0
Stealth        | |  0.8
Transmutations | |  2.1

Action                   |  1- 3 |  4- 6 || total
-------------------------+-------+-------++-------
Melee: Unarmed           |   113 |   108 ||   221
       Bite              |     9 |    10 ||    19
       Punch             |     1 |     2 ||     3
       Headbutt          |       |    10 ||    10
 Cast: Beastly Appendage |       |    20 ||    20
       Ice Form          |       |     1 ||     1
Evoke: Wand              |       |     1 ||     1
  Use: Potion            |     1 |     1 ||     2
       Scroll            |       |     2 ||     2
 Stab: Sleeping          |     5 |     2 ||     7
Armor: Skin              |     7 |     6 ||    13
Dodge: Dodged            |    70 |    89 ||   159
Block: Other             |     9 |    33 ||    42
       Reflection        |       |     1 ||     1

Table legend: (Time is in decaauts)
 A = Elapsed time spent in this place.
 B = Non-inter-level travel time spent in this place.
 C = Inter-level travel time spent in this place.
 D = Time resting spent in this place.
 E = Time spent auto-exploring this place.
 F = Levels seen in this place.
 G = Mean time per level.
                   A        B        C        D        E       F      G
               +--------+--------+--------+--------+--------+-----+--------+
         Total |   4461 |   4413 |     48 |   1843 |   1905 |   3 | 1487.0 |
       Dungeon |   4461 |   4413 |     48 |   1843 |   1905 |   3 | 1487.0 |
               +--------+--------+--------+--------+--------+-----+--------+

Top non-repeatable levels by time:
     D:2: 2048 daAuts
     D:1: 1359 daAuts
     D:3: 1053 daAuts
